 Dungeon Crawl Stone Soup version 0.30-a0-956-gcec3b41aec (webtiles) character file.

Game seed: 13638148169632682046

55 DavidChitty2 the Ruffian (level 3, -3/33 HPs)
             Began as a Ghoul Monk on Mar 29, 2023.
             Slain by a gnoll
             ... wielding a +0 flail
              (4 damage)
             ... on level 2 of the Dungeon.
             The game lasted 00:02:35 (1161 turns).

DavidChitty2 the Ruffian (Ghoul Monk)               Turns: 1161, Time: 00:02:36

Health: -3/33      AC:  9    Str: 16    XL:     3   Next: 93%
Magic:  2/2        EV:  7    Int:  5    God:
Gold:   47         SH:  0    Dex: 11    Spells: 2/2 levels left

rFire   . . .      SeeInvis .      - Unarmed
rCold   + + .      Faith    .    (no shield)
rNeg    + + +      Spirit   .    k - +0 chain mail
rPois   ∞          Reflect  .    l - +0 helmet
rElec   .          Rampage  .    (no cloak)
rCorr   .                        (no gloves)
Will    .....                    (no boots) Stlth
                                 e - amulet of regeneration
HPRegen 0.00/turn                o - ring of protection from cold
MPRegen 0.08/turn                (no ring)

@: inhibited regen
A: claws 1, cold resistance 1, negative energy resistance 3, inhibited
regeneration, torment resistance 2, devour on kill
a: no special abilities


You were on level 2 of the Dungeon.
You visited 1 branch of the dungeon, and saw 3 of its levels.

You collected 47 gold pieces.

Inventory:

Armour
 k - a +0 chain mail (worn)
   (You found it on level 2 of the Dungeon)
 l - a +0 helmet (worn)
   (You found it on level 2 of the Dungeon)
Jewellery
 e - an amulet of regeneration (around neck)
   (You found it on level 1 of the Dungeon)
 o - a ring of protection from cold (left claw)
   (You found it on level 1 of the Dungeon)
Scrolls
 a - 2 scrolls of identify {unknown}
 d - a scroll of silence {unknown}
 g - 2 scrolls of amnesia {unknown}
 h - a scroll of noise {unknown}
 i - a scroll of teleportation {unknown}
Potions
 b - a potion of ambrosia
 c - 2 potions of mutation {unknown}
 f - a potion of magic {unknown}


   Skills:
 + Level 3.8 Fighting
 + Level 0.1 Armour
 + Level 3.1 Dodging
 - Level 2.1 Stealth
 * Level 4.3 Unarmed Combat


You had 2 spell levels left.
You didn't know any spells.
Your spell library was empty.

Dungeon Overview and Level Annotations

Branches:
Dungeon (3/15)

Altars:


Innate Abilities, Weirdness & Mutations

You are immune to poison.
You have sharp fingernails.
Your flesh is cold resistant. (rC+)
You are immune to negative energy. (rN+++)
You do not regenerate when monsters are visible.
You are immune to unholy pain and torment.
You thrive by killing the living.


Message History

You see here a +0 short sword.
Found a stone staircase leading up.
There is a stone staircase leading up here.
Found a stone staircase leading down.
There is a stone staircase leading down here.
Found a scroll labelled MUETUU ITTIMICW.
h - a scroll labelled MUETUU ITTIMICW Key pressed, stopping explore.
Found a scroll labelled OSELYM GUMIE.
a - 2 scrolls labelled OSELYM GUMIE (gained 1)
Found 8 stones.
Found a stone staircase leading up.
Done exploring.
Done exploring.
Done exploring.
There is a stone staircase leading down here.
You climb downwards.
The gnoll shouts! x4
Found a leather armour.
There is a stone staircase leading up here.
The gnoll closely misses you.
The gnoll throws a throwing net.
The throwing net barely misses you. The gnoll completely misses you.
You climb upwards.
There is a stone staircase leading down here.
You climb downwards.
The gnoll hits you but does no damage. x3
There is a stone staircase leading up here.
The gnoll hits you with a +0 flail! The gnoll hits you with a +0 club.
The gnoll hits you but does no damage.
You climb upwards.
There is a stone staircase leading down here.
You scratch the gnoll. The gnoll hits you with a +0 club.
The gnoll closely misses you. The gnoll barely misses you.
The gnoll attacks as you move away! The gnoll hits you with a +0 club!
* * * LOW HITPOINT WARNING * * *
The gnoll attacks as you move away! The gnoll hits you with a +0 club.
* * * LOW HITPOINT WARNING * * *
You barely miss the gnoll. The gnoll closely misses you.
You scratch the gnoll but do no damage. The gnoll barely misses you.
You barely miss the gnoll. The gnoll hits you but does no damage.
You scratch the gnoll but do no damage. The gnoll hits you but does no damage.
You claw the gnoll! The gnoll hits you but does no damage.
You scratch the gnoll. You scratch the gnoll.
The gnoll hits you with a +0 club.
* * * LOW HITPOINT WARNING * * *
You claw the gnoll!
You kill the gnoll!
You closely miss the gnoll. The gnoll barely misses you.
You closely miss the gnoll. You claw the gnoll.
The gnoll hits you with a +0 flail.
You die...

.......#.#.###.##.# #.
............##.##.# #.
##................# #.
............##.#### ##.
#####....>#....# ##.. #
#.#[..g##### ##... # #.##.#.#
#.... # #.#....########## ##...
#####.........gg@...######## ##.#
.............######.##.....# #.#
###.#.#..###.# #.##.###.####.# #
#.#.#..# #.# #.##.# #......# #
#.#.#..# #.# #.##.###.###### #
#.#.#..# #.## #.##.....#
###.#.#..###..## #.####.###
.....[.........# ##.####.########
........####..####...........>...


You could see 2 gnolls.

Vanquished Creatures
  2 gnolls
  2 dart slugs (D:1)
  3 ball pythons
  An endoplasm (D:2)
  A giant cockroach (D:2)
  2 goblins (D:1)
  2 hobgoblins (D:2)
  4 jackals (D:1)
  A quokka (D:1)
  4 bats
  3 frilled lizards
  2 kobolds
  2 rats
29 creatures vanquished.

Vanquished Creatures (others)
  4 fungi (D:1)
  3 plants (D:1)
7 creatures vanquished.

Grand Total: 36 creatures vanquished

Notes
Turn   | Place    | Note
-------+----------+-------------------------------------------
     0 | D:1      | DavidChitty2 the Ghoul Monk began the quest for the Orb.
     0 | D:1      | Reached XP level 1. HP: 19/19 MP: 0/0
   147 | D:1      | Reached XP level 2. HP: 24/26 MP: 1/1
   226 | D:1      | Found a faded altar of an unknown god.
   247 | D:1      | Reached XP level 3. HP: 28/31 MP: 2/2
   252 | D:1      | Reached skill level 4 in Unarmed Combat
  1158 | D:2      | HP: 1/33 [gnoll/+0 club (6)]
  1161 | D:2      | Slain by a gnoll

Illustrated notes

Levels and vault maps discovered:
D:1:      scummos_arrival_simple_fountains, layout_basic,
          shapermc_ecumenical_altar_mp_ritualfount
D:2:      layout_loops_ring
D:3:      layout_loops_ring, mainiacjoe_overflow_alcove_4,
          kennysheep_small_spiral

Skill      XL: |  1  2  3 |
---------------+----------+-----
Dodging        | 3 |  3.1
Unarmed Combat | 4 |  4.3
Fighting       | |  3.8
Armour         | |  0.1
Stealth        | |  2.1

Action                     || total
---------------------------++-------
  Melee: Unarmed           ||    90
         Punch             ||     1
   Stab: Sleeping          ||     1
 Armour: Ring mail         ||    15
         Chain mail        ||    29
  Dodge: Dodged            ||    39

Table legend: (Time is in decaauts)
 A = Elapsed time spent in this place.
 B = Non-inter-level travel time spent in this place.
 C = Inter-level travel time spent in this place.
 D = Time resting spent in this place.
 E = Time spent auto-exploring this place.
 F = Levels seen in this place.
 G = Mean time per level.
                   A        B        C        D        E       F      G
               +--------+--------+--------+--------+--------+-----+--------+
         Total |   1155 |   1127 |     28 |      0 |    788 |   3 |  385.0 |
       Dungeon |   1155 |   1127 |     28 |      0 |    788 |   3 |  385.0 |
               +--------+--------+--------+--------+--------+-----+--------+

Top non-repeatable levels by time:
     D:2: 700 daAuts
     D:1: 446 daAuts
     D:3: 8 daAuts
